PL
ATLANTA SMOKE @ BROOKLYN DODGERS
09/12/2020
 
TOP OF THE 1ST
Atlanta Smoke batting - Pitching for Brooklyn Dodgers : RHP Ramón Ortega
Pitching: RHP Ramón Ortega
Batting: LHB Albert Morán 0-0: Called Strike
0-1: Ball
1-1: Foul Ball, location: 2F
1-2: Ball
2-2: Foul Ball, location: 2F
2-2: Strikes out swinging
Batting: LHB Mike Blue 0-0: Ball
1-0: Ball
2-0: Fly out, F5 (Line Drive, 5)
Batting: RHB Cale Sutton 0-0: Ball
1-0: Ground out 6-3 (Groundball, 6)
Top of the 1st over - 0 run(s), 0 hit(s), 0 error(s), 0 left on base; Atlanta 0 - Brooklyn 0
BOTTOM OF THE 1ST
Brooklyn Dodgers batting - Pitching for Atlanta Smoke : LHP Ilie Paunescu
Pitching: LHP Ilie Paunescu
Batting: LHB Ye Der 0-0: Called Strike
0-1: Ball
1-1: Swinging Strike
1-2: SINGLE (Groundball, 6M)
Batting: LHB Tony Dyer 0-0: Foul Ball, location: 2F
0-1: SINGLE (Line Drive, 8RS)
Ye Der to second
Batting: RHB Thom Wilcox 0-0: Ball
1-0: Fly out, F7 (Flyball, 7D)
Runner from 2nd tags up, SAFE at 3rd, no throw
Batting: LHB Ray Sears 0-0: Ball
1-0: Ball
2-0: Ball
3-0: Base on Balls
Tony Dyer to second
Batting: LHB Ron Bascombe 0-0: Foul Ball, location: 2F
0-1: Ball
1-1: Foul Ball, location: 2F
1-2: Strikes out swinging
Batting: LHB Rubén López 0-0: Fly out, F6 (Popup, 6MS)
Bottom of the 1st over - 0 run(s), 2 hit(s), 0 error(s), 3 left on base; Atlanta 0 - Brooklyn 0
TOP OF THE 2ND
Atlanta Smoke batting - Pitching for Brooklyn Dodgers : RHP Ramón Ortega
Batting: RHB Bob Campbell 0-0: Swinging Strike
0-1: Ball
1-1: Swinging Strike
1-2: Ball
2-2: Ball
3-2: Base on Balls
Batting: RHB Nathan Horton 0-0: Called Strike
0-1: Foul Ball, location: 2F
0-2: Strikes out swinging
Batting: RHB Ernesto Fernández 0-0: Ball
1-0: Swinging Strike
1-1: Ball
2-1: Foul Ball, location: 2F
2-2: Strikes out looking
Batting: RHB Joe Runyon 0-0: Called Strike
0-1: Called Strike
0-2: Strikes out looking
Top of the 2nd over - 0 run(s), 0 hit(s), 0 error(s), 1 left on base; Atlanta 0 - Brooklyn 0
BOTTOM OF THE 2ND
Brooklyn Dodgers batting - Pitching for Atlanta Smoke : LHP Ilie Paunescu
Batting: LHB Kelly Brown 0-0: Foul Ball, location: 2F
0-1: Called Strike
0-2: Ball
1-2: Ball
2-2: Ground out U3 (Groundball, 3L)
Batting: RHB Sean Davis 0-0: Ball
1-0: Bunt missed!
1-1: Called Strike
1-2: Ball
2-2: Ball
3-2: Foul Ball, location: 2F
3-2: Strikes out swinging
Batting: RHB Ramón Ortega 0-0: Ball
1-0: Ball
2-0: Called Strike
2-1: Ball
3-1: Base on Balls
Batting: LHB Ye Der 0-0: Called Strike
0-1: Ball
1-1: Ground out 4-3 (Groundball, 4)
Bottom of the 2nd over - 0 run(s), 0 hit(s), 0 error(s), 1 left on base; Atlanta 0 - Brooklyn 0
TOP OF THE 3RD
Atlanta Smoke batting - Pitching for Brooklyn Dodgers : RHP Ramón Ortega
Batting: LHB Bernardo Elías 0-0: Ball
1-0: Ball
2-0: Foul Ball, location: 2F
2-1: Foul Ball, location: 2F
2-2: Strikes out swinging, 2-3 out at first.
Batting: LHB Ilie Paunescu 0-0: Called Strike
0-1: Called Strike
0-2: Ground out U3 (Groundball, 3S)
Batting: LHB Albert Morán 0-0: Called Strike
0-1: Ball
1-1: Swinging Strike
1-2: Fly out, F9 (Flyball, 89S)
Top of the 3rd over - 0 run(s), 0 hit(s), 0 error(s), 0 left on base; Atlanta 0 - Brooklyn 0
BOTTOM OF THE 3RD
Brooklyn Dodgers batting - Pitching for Atlanta Smoke : LHP Ilie Paunescu
Batting: LHB Tony Dyer 0-0: Called Strike
0-1: Ball
1-1: Foul Ball, location: 2F
1-2: Strikes out swinging, 2-3 out at first.
Batting: RHB Thom Wilcox 0-0: SOLO HOME RUN (Flyball, 7D), Distance : 451 ft
Batting: LHB Ray Sears 0-0: Ball
1-0: Ground out 4-3 (Groundball, 4)
Batting: LHB Ron Bascombe 0-0: Called Strike
0-1: Ground out 4-3 (Groundball, 34)
Bottom of the 3rd over - 1 run(s), 1 hit(s), 0 error(s), 0 left on base; Atlanta 0 - Brooklyn 1
TOP OF THE 4TH
Atlanta Smoke batting - Pitching for Brooklyn Dodgers : RHP Ramón Ortega
Batting: LHB Mike Blue 0-0: Called Strike
0-1: Ball
1-1: Swinging Strike
1-2: Strikes out swinging
Batting: RHB Cale Sutton 0-0: Called Strike
0-1: Ball
1-1: Foul Ball, location: 2F
1-2: Ball
Reached via error on a dropped throw, E3
Batting: RHB Bob Campbell 0-0: Ball
Cale Sutton steals 2nd base
1-0: Swinging Strike
1-1: Foul Ball, location: 2F
1-2: Ground out 3-1 (Groundball, 34S)
Cale Sutton to third
Batting: RHB Nathan Horton 0-0: Ground out 4-3 (Groundball, 4M)
Top of the 4th over - 0 run(s), 0 hit(s), 1 error(s), 1 left on base; Atlanta 0 - Brooklyn 1
BOTTOM OF THE 4TH
Brooklyn Dodgers batting - Pitching for Atlanta Smoke : LHP Ilie Paunescu
Batting: LHB Rubén López 0-0: Foul Ball, location: 2F
0-1: Ball
1-1: Foul Ball, location: 2F
1-2: Ball
2-2: SINGLE (Groundball, 34)
Batting: LHB Kelly Brown 0-0: Ball
1-0: SINGLE (Groundball, 4MD)
Rubén López to second
Batting: RHB Sean Davis 0-0: Foul Ball, location: 2F
0-1: Fly out, F9 (Flyball, 89S)
Batting: RHB Ramón Ortega 0-0: Ball
1-0: Sac Bunt - play at first, batter OUT! 6-4
Rubén López to third
Kelly Brown to second
Batting: LHB Ye Der 0-0: Fly out, F8 (Line Drive, 8RM)
Bottom of the 4th over - 0 run(s), 2 hit(s), 0 error(s), 2 left on base; Atlanta 0 - Brooklyn 1
TOP OF THE 5TH
Atlanta Smoke batting - Pitching for Brooklyn Dodgers : RHP Ramón Ortega
Batting: RHB Ernesto Fernández 0-0: Ball
1-0: Called Strike
1-1: Ground out 2-3 (Groundball, 23)
Batting: RHB Joe Runyon 0-0: Called Strike
0-1: Called Strike
0-2: Foul Ball, location: 2F
0-2: Ball
1-2: Strikes out swinging
Batting: LHB Bernardo Elías 0-0: Bunted foul
0-1: Ground out U3 (Groundball, 3L)
Top of the 5th over - 0 run(s), 0 hit(s), 0 error(s), 0 left on base; Atlanta 0 - Brooklyn 1
BOTTOM OF THE 5TH
Brooklyn Dodgers batting - Pitching for Atlanta Smoke : LHP Ilie Paunescu
Batting: LHB Tony Dyer 0-0: Ball
1-0: Called Strike
1-1: Called Strike
1-2: Ball
2-2: Foul Ball, location: 2F
2-2: Foul Ball, location: 2F
2-2: Ground out 4-3 (Groundball, 4M)
Batting: RHB Thom Wilcox 0-0: Foul Ball, location: 2F
0-1: Foul Ball, location: 2F
0-2: Foul Ball, location: 2F
0-2: Foul Ball, location: 2F
0-2: Ball
1-2: Ball
2-2: Ground out 4-3 (Groundball, 4)
Batting: LHB Ray Sears 0-0: Ball
1-0: Ground out 4-3 (Groundball, 4)
Bottom of the 5th over - 0 run(s), 0 hit(s), 0 error(s), 0 left on base; Atlanta 0 - Brooklyn 1
TOP OF THE 6TH
Atlanta Smoke batting - Pitching for Brooklyn Dodgers : RHP Ramón Ortega
Batting: LHB Ilie Paunescu 0-0: Foul Ball, location: 2F
0-1: Ground out U3 (Groundball, 3)
Batting: LHB Albert Morán 0-0: Swinging Strike
0-1: Swinging Strike
0-2: Strikes out swinging
Batting: LHB Mike Blue 0-0: Ball
1-0: Ball
2-0: Foul Ball, location: 2F
2-1: Ground out 4-3 (Groundball, 4)
Top of the 6th over - 0 run(s), 0 hit(s), 0 error(s), 0 left on base; Atlanta 0 - Brooklyn 1
BOTTOM OF THE 6TH
Brooklyn Dodgers batting - Pitching for Atlanta Smoke : LHP Ilie Paunescu
Batting: LHB Ron Bascombe 0-0: Called Strike
0-1: Ground out 4-3 (Groundball, 4M)
Batting: LHB Rubén López 0-0: Ball
1-0: Ball
2-0: Called Strike
2-1: Swinging Strike
2-2: Ball
3-2: Strikes out looking
Batting: LHB Kelly Brown 0-0: Ball
1-0: Ball
2-0: Ground out 1-3 (Groundball, 25)
Bottom of the 6th over - 0 run(s), 0 hit(s), 0 error(s), 0 left on base; Atlanta 0 - Brooklyn 1
TOP OF THE 7TH
Atlanta Smoke batting - Pitching for Brooklyn Dodgers : RHP Ramón Ortega
Batting: RHB Cale Sutton 0-0: Ground out 6-3 (Groundball, 6)
Batting: RHB Bob Campbell 0-0: Ball
1-0: Ball
2-0: Foul Ball, location: 2F
2-1: Ball
3-1: Base on Balls
Batting: RHB Nathan Horton 0-0: Swinging Strike
0-1: SINGLE (Line Drive, 56)
Bob Campbell to second
Batting: RHB Ernesto Fernández 0-0: Ball
1-0: Swinging Strike
1-1: Ball
2-1: Ball
3-1: Grounds into double play, 6-4-3 (Groundball, 56)
Top of the 7th over - 0 run(s), 1 hit(s), 0 error(s), 1 left on base; Atlanta 0 - Brooklyn 1
BOTTOM OF THE 7TH
Brooklyn Dodgers batting - Pitching for Atlanta Smoke : LHP Ilie Paunescu
Batting: RHB Sean Davis 0-0: Called Strike
0-1: Ball
1-1: Called Strike
1-2: Fly out, F4 (Popup, 34D)
Batting: RHB Ramón Ortega 0-0: DOUBLE (Flyball, 89M)
Pinch Hitting: LHB Chris Gregory 0-0: Called Strike
0-1: Foul Ball, location: 2F
0-2: Foul Ball, location: 2F
0-2: Ball
1-2: SINGLE (Groundball, 34D)
Ramón Ortega to third
Batting: LHB Tony Dyer 0-0: Ball
1-0: Called Strike
1-1: Swinging Strike
1-2: Grounds into double play, 1-6-3 (Groundball, 13S)
Bottom of the 7th over - 0 run(s), 2 hit(s), 0 error(s), 1 left on base; Atlanta 0 - Brooklyn 1
TOP OF THE 8TH
Atlanta Smoke batting - Pitching for Brooklyn Dodgers : RHP Ramón Ortega
Now in CF: Chris Gregory
Batting: RHB Joe Runyon 0-0: Called Strike
0-1: Ball
1-1: Fly out, F9 (Flyball, 9M)
Batting: LHB Bernardo Elías 0-0: Ball
1-0: Called Strike
1-1: Ball
2-1: Foul Ball, location: 2F
2-2: Foul Ball, location: 2F
2-2: Strikes out looking
Pinch Hitting: RHB Mike Burns 0-0: SINGLE (Line Drive, 4MD)
Batting: LHB Albert Morán 0-0: Foul Ball, location: 2F
0-1: Ball
1-1: Swinging Strike
1-2: Strikes out swinging
Top of the 8th over - 0 run(s), 1 hit(s), 0 error(s), 1 left on base; Atlanta 0 - Brooklyn 1
BOTTOM OF THE 8TH
Brooklyn Dodgers batting - Pitching for Atlanta Smoke : LHP Ilie Paunescu
Pitching: RHP Christian Pitts
Batting: RHB Thom Wilcox 0-0: Ball
1-0: Ball
2-0: Called Strike
2-1: Foul Ball, location: 2F
2-2: Ball
3-2: Foul Ball, location: 2F
3-2: Foul Ball, location: 2F
3-2: Foul Ball, location: 2F
3-2: Ground out 6-3 (Groundball, 6)
Batting: LHB Ray Sears 0-0: Swinging Strike
0-1: Foul Ball, location: 2F
0-2: Foul Ball, location: 2F
0-2: Ball
1-2: Strikes out swinging
Batting: LHB Ron Bascombe 0-0: Ground out 4-3 (Groundball, 4M)
Bottom of the 8th over - 0 run(s), 0 hit(s), 0 error(s), 0 left on base; Atlanta 0 - Brooklyn 1
TOP OF THE 9TH
Atlanta Smoke batting - Pitching for Brooklyn Dodgers : RHP Ramón Ortega
Now at C: Shojiro Kimura
Batting: LHB Mike Blue 0-0: Called Strike
0-1: Ground out 1-3 (Groundball, 13)
Batting: RHB Cale Sutton 0-0: Ball
1-0: Foul Ball, location: 2F
1-1: Ball
2-1: Swinging Strike
2-2: Foul Ball, location: 2F
2-2: Strikes out swinging
Batting: RHB Bob Campbell 0-0: Ball
1-0: Ball
2-0: Called Strike
2-1: Swinging Strike
2-2: Foul Ball, location: 2F
2-2: Foul Ball, location: 2F
2-2: Ball
3-2: Ground out 6-3 (Groundball, 6)
Top of the 9th over - 0 run(s), 0 hit(s), 0 error(s), 0 left on base; Atlanta 0 - Brooklyn 1
This league is powered by Out of the Park Baseball, the baseball management simulation game for PC, Mac and Linux
Friday, October 23rd, 2015 - OOTP Baseball 16.9 Build 39